 Dungeon Crawl Stone Soup version 0.29.1-2-gbd0b4ee654 (webtiles) character file.

Game seed: 17584632365141556411

9 jamesblauser the Shooter (level 2, 0/19 (25) HPs)
             Began as a Minotaur Hunter on Nov 5, 2022.
             Slain by a goblin
             ... wielding a +2 dagger of draining
              (1 damage)
             ... on level 1 of the Dungeon.
             The game lasted 00:02:32 (282 turns).

jamesblauser the Shooter (Minotaur Hunter)           Turns: 282, Time: 00:02:32

HP:   0/19 (25)     AC:  3    Str: 15    XL:     2   Next: 3%
MP:   1/1           EV: 12    Int:  6    God:
Gold: 29            SH:  0    Dex: 13    Spells: 1/1 levels left

rFire   . . .      SeeInvis .   a - +0 shortbow
rCold   . . .      Faith    .   (shield currently unavailable)
rNeg    . . .      Spirit   .   c - +0 leather armour
rPois   .          Reflect  .   (helmet restricted)
rElec   .          Harm     .   (no cloak)
rCorr   .          Rampage  .   (no gloves)
Will    .....                   (no boots)
Stlth   +.........              (no amulet)
HPRegen 0.06/turn               (no ring)
MPRegen 0.07/turn               (no ring)

@: heavily drained
A: horns 2, retaliatory headbutt
a: no special abilities


You were on level 1 of the Dungeon.
You visited 1 branch of the dungeon, and saw 1 of its levels.

You collected 29 gold pieces.

Inventory:

Hand Weapons
 a - a +0 shortbow (weapon)
Armour
 c - a +0 leather armour (worn)
 d - a +0 ring mail
Scrolls
 b - a scroll of immolation


   Skills:
 + Level 2.4 Fighting
 + Level 4.7 Ranged Weapons
 + Level 0.4 Armour
 + Level 2.3 Dodging
 + Level 0.7 Stealth


You had one spell level left.
You didn't know any spells.
Your spell library was empty.

Dungeon Overview and Level Annotations

Branches:
Dungeon (1/15)

Altars:


Innate Abilities, Weirdness & Mutations

You have a pair of horns on your head.
You reflexively headbutt those who attack you in melee.


Message History

The goblin hits you with a +2 dagger of draining.
You feel drained. The goblin attacks as you move away!
The goblin hits you with a +2 dagger of draining.
You feel drained.
Found a stone staircase leading down.
The rat completely misses you. You furiously retaliate!
You headbutt the rat.
You kill the rat!
You have reached level 2!
The goblin attacks as you move away! The goblin barely misses you.
The goblin attacks as you move away!
The goblin hits you with a +2 dagger of draining.
You feel drained.
The frilled lizard attacks as you move away!
The frilled lizard bites you.
Unknown command.
Fire: a) +0 shortbow
Press: ? - help, Q - select action Shift-Dir - straight line, f/p - goblin
Aim: a goblin, wielding a +2 dagger of draining (53% to hit)
You shoot an arrow. The arrow closely misses the goblin.
The goblin closely misses you. The frilled lizard closely misses you.
You furiously retaliate!
You headbutt the frilled lizard!
You kill the frilled lizard!
The goblin attacks as you move away!
The goblin hits you with a +2 dagger of draining.
* * * LOW HITPOINT WARNING * * *
You feel drained.
Fire: a) +0 shortbow
Press: ? - help, Q - select action Shift-Dir - straight line, f/p - goblin
Aim: a goblin, wielding a +2 dagger of draining (53% to hit)
You shoot an arrow. The arrow barely misses the goblin.
The goblin hits you with a +2 dagger of draining.
* * * LOW HITPOINT WARNING * * *
You feel drained.
* * * LOW HITPOINT WARNING * * *
The goblin closely misses you. You furiously retaliate!
You headbutt the goblin. The goblin attacks as you move away!
The goblin hits you with a +2 dagger of draining.
You die...

.....#.....)..........#
...# #................#
...# ##..............##
...# ##..†...#.....##
..## ####.....#..##
..## ##.....#..# ...#
#.........# .#.#
##.#...(...# .. .#.##
###..#....@..# !. .#..#
#...##....g..# ##r
###.###.####.......# ..
...................#
#.#
..........##.....†.#
..#
..####.##........#.##.#
#.####.# ##....#......#
........
#..#...#.##.....#
.....###....###..#.#
....##


You could see a goblin.

Vanquished Creatures
  A goblin (D:1)
  2 hobgoblins (D:1)
  A quokka (D:1)
  3 frilled lizards (D:1)
  2 rats (D:1)
9 creatures vanquished.

Notes
Turn   | Place    | Note
-------+----------+-------------------------------------------
     0 | D:1      | jamesblauser the Minotaur Hunter began the quest for the
                  | Orb.
     0 | D:1      | Reached XP level 1. HP: 18/18 MP: 0/0
   277 | D:1      | Reached XP level 2. HP: 13/21 MP: 1/1
   282 | D:1      | Slain by a goblin

Illustrated notes

Levels and vault maps discovered:
D:1:      denvon_arrival_planthouse, layout_rooms

Action                   || total
-------------------------++-------
 Fire: Shortbow          ||    13
  Use: Scroll            ||     1
Dodge: Dodged            ||    10
